 Dungeon Crawl Stone Soup version 0.30-a0-986-g7f2e898f52 (webtiles) character file.

Game seed: 2962990346165242135

504 senseless the Magician (level 6, -2/41 HPs)
             Began as a Mummy Conjurer on Apr 1, 2023.
             Slain by a wight
             ... wielding a +0 great sword
              (6 damage)
             ... on level 5 of the Dungeon.
             The game lasted 00:12:34 (5520 turns).

senseless the Magician (Mummy Conjurer)             Turns: 5520, Time: 00:12:34

Health: -2/41      AC:  3    Str: 10    XL:     6   Next: 96%
Magic:  7/13       EV: 13    Int: 23    God:
Gold:   155        SH:  0    Dex: 16    Spells: 12/14 levels left

rFire   x . .      SeeInvis +    b - +7 rapier of the Pharaoh's Fist {heavy, rElec Int+3}
rCold   + . .      Faith    +    (no shield)
rNeg    + + +      Spirit   .    k - +1 robe "Fuijixte" {*Slow rCorr Dex+6}
rPois   ∞          Reflect  .    (no helmet)
rElec   +          Rampage  .    (no cloak)
rCorr   +                        (no gloves)
Will    .....                    (no boots)
Stlth   ++                       (no amulet)
HPRegen 0.26/turn                p - ring of see invisible
MPRegen 0.13/turn                (no ring)

@: no status effects
A: cold resistance 1, negative energy resistance 3, torment resistance 2, heat
vulnerability 1, in touch with death 1, no potions, faith
a: no special abilities


You were on level 5 of the Dungeon.
You visited 1 branch of the dungeon, and saw 5 of its levels.

You collected 335 gold pieces.
You spent 180 gold pieces at shops.

Inventory:

Hand Weapons
 b - the +7 rapier of the Pharaoh's Fist (weapon) {heavy, rElec Int+3}
   (You acquired it on level 3 of the Dungeon)

   Int:       It affects your intelligence (+3).
   rElec:     It insulates you from electricity.
 e - a +4 hand axe
 h - a +1 short sword of speed
 i - a +2 long sword of electrocution
 j - a +2 dagger of protection
 n - a +5 halberd of freezing
 q - a +3 mace
Armour
 a - a +1 robe
 k - the +1 robe "Fuijixte" (worn) {*Slow rCorr Dex+6}
   (You found it on level 2 of the Dungeon)

   Dex:       It affects your dexterity (+6).
   rCorr:     It protects you from acid and corrosion.
   *Slow:     It may slow you when you take damage.
Jewellery
 p - a ring of see invisible (left hand)
Wands
 o - a wand of charming (7)
Scrolls
 c - a scroll of identify
 d - 2 scrolls of poison
 f - 3 scrolls of fear
 g - a scroll of magic mapping {unknown}
 l - a scroll of amnesia
 m - 3 scrolls of torment


   Skills:
 + Level 3.1 Dodging
 + Level 3.3 Stealth
 + Level 4.7 Spellcasting
 + Level 4.3 Conjurations
 + Level 2.6 Necromancy


You had 12 spell levels left.
You knew the following spells:

 Your Spells              Type           Power      Damage    Failure   Level
a - Magic Dart            Conj           100%       1d8       1%          1
b - Necrotise             Necr           100%       1d9       3%          1

Your spell library contained the following spells:

 Spells                   Type           Power      Damage    Failure   Level
 Searing Ray              Conj           50%        2d6       2%          2
 Apportation              Tloc           10%        N/A       10%         1
 Summon Small Mammal      Summ           20%        N/A       10%         1
 Dazzling Flash           Conj/Hex       30%        N/A       12%         3
 Fulminant Prism          Conj/Hex       7%         3d7       36%         4
 Iskenderun's Mystic Bla  Conj/Tloc      15%        2d5       36%         4


Dungeon Overview and Level Annotations

Branches:
Dungeon (5/15)
 Temple: D:4-7

Altars:

Shops:
D:3 =


Innate Abilities, Weirdness & Mutations

You are immune to poison.
Your flesh is cold resistant. (rC+)
You are immune to negative energy. (rN+++)
You are immune to unholy pain and torment.
You are vulnerable to heat. (rF-)
You are in touch with the powers of death.
You do not drink.
You have a special connection with the divine. (Faith)


Message History

The wight is severely damaged.
The wight hits you from afar with a +5 halberd of freezing!
The wight freezes you.
You are too injured to fight recklessly!
The wight hits you with a +5 halberd of freezing!
* * * LOW HITPOINT WARNING * * *
The wight freezes you.
* * * LOW HITPOINT WARNING * * *
Things that are here:
a +3 mace; a +0 robe You puncture the wight!
You destroy the wight!
Things that are here:
a +5 halberd of freezing; a +0 robe
n - a +5 halberd of freezing
Things that are here:
a +3 mace; a +0 robe
q - a +3 mace You now have 155 gold pieces (gained 11). 2 wights come into view.
The magic dart hits the wight but does no damage.
The magic dart hits the wight but does no damage.
The magic dart hits the wight.
The wight is lightly damaged.
The magic dart hits the wight but does no damage.
The wight is lightly damaged.
The magic dart hits the wight.
The wight is heavily damaged.
The magic dart hits the wight.
The wight is severely damaged.
The wight hits you with a +0 great sword!
The magic dart hits the wight but does no damage.
The wight is severely damaged.
The wight hits you with a +0 great sword!
The wight misses you. The wight attacks as you move away!
The wight hits you with a +4 war axe!
* * * LOW HITPOINT WARNING * * *
The wight attacks as you move away!
The wight hits you with a +0 great sword.
You die...

... .. ## .. ......# .. .##.
......# ... .... ......##
....###.####.##...
.................
...#..zz......#
#.....@......######
...##.......[....(... .....
#.......[...[...! ..Y..
#.....!....####### . .....#
##..............#.# .. ......
..#######.#.......##..
......##.# ####.##.>.....#..
.......#.# ##....###......#.<
.......#.###.....#####.......


You could see 2 wights.

Vanquished Creatures
  A sky beast (D:5)
  A scorpion (D:5)
  2 wights (D:5)
  2 hounds (D:5)
  A jelly (D:5)
  2 iguanas (D:5)
  An adder (D:2)
  A shadow imp (D:5)
  An ufetubus (D:5)
  A worm (D:2)
  2 dart slugs
  2 orcs (D:3)
  3 endoplasms
  7 giant cockroaches
  8 goblins
  12 hobgoblins
  5 jackals
  4 quokkas
  3 ball pythons
  3 bats
  3 frilled lizards
  11 kobolds
  10 rats
86 creatures vanquished.

Vanquished Creatures (others)
  3 withered plants (D:1)
3 creatures vanquished.

Grand Total: 89 creatures vanquished

Notes
Turn   | Place    | Note
-------+----------+-------------------------------------------
     0 | D:1      | senseless the Mummy Conjurer began the quest for the Orb.
     0 | D:1      | Reached XP level 1. HP: 13/13 MP: 4/4
   331 | D:1      | Reached XP level 2. HP: 19/19 MP: 0/5
  1001 | D:1      | Found a faded altar of an unknown god.
  1140 | D:1      | Gained mutation: You are in touch with the powers of death.
                  | [Mummy growth]
  1140 | D:1      | Reached XP level 3. HP: 24/24 MP: 1/7
  1200 | D:1      | Learned a level 1 spell: Necrotise
  2087 | D:2      | Identified the +1 robe "Fuijixte" {*Slow rCorr Dex+6}
  2340 | D:2      | Reached XP level 4. HP: 21/30 MP: 0/9
  3457 | D:3      | Found Uballatu's Jewellery Boutique.
  3465 | D:3      | Bought a ring of see invisible for 180 gold pieces
  3635 | D:3      | Reached skill level 1 in Necromancy
  4018 | D:3      | Identified a scroll of acquirement
  4018 | D:3      | Acquired the +7 rapier of the Pharaoh's Fist {heavy, rElec
                  | Int+3}
  4845 | D:5      | Entered Level 5 of the Dungeon
  4882 | D:5      | Reached XP level 5. HP: 35/35 MP: 5/10
  5002 | D:5      | Noticed a sky beast
  5127 | D:5      | Reached XP level 6. HP: 41/41 MP: 3/12
  5207 | D:5      | Killed a sky beast
  5358 | D:5      | HP: 2/41 [wight/+5 halberd of freezing (2)]
  5520 | D:5      | Slain by a wight

Illustrated notes

Levels and vault maps discovered:
D:1:      sevenhm_arrival_forest_fort_large_2, layout_loops_cross,
          ebering_ecumenical_altar_petrified
D:2:      layout_loops_corners, minmay_surrounded
D:3:      layout_basic, serial_shops, shop, kennysheep_cross_room,
          kennysheep_flooded_box
D:4:      minmay_spotlight, layout_basic, dreamdust_divine_triumvirate,
          dreamdust_princess_corridor
D:5:      layout_rooms, minmay_temple_entry_stoned_glass

Skill      XL: |  1  2  3  4  5  6 |
---------------+-------------------+-----
Spellcasting   | 3 4 |  4.7
Stealth        | 2 3 |  3.3
Dodging        | 2 3 |  3.1
Necromancy     | 1 2 |  2.6
Conjurations   | 4 |  4.3

Action                     |  1- 3 |  4- 6 || total
---------------------------+-------+-------++-------
  Melee: Dagger            |    15 |       ||    15
         Unarmed           |     5 |       ||     5
         Long sword        |     6 |     4 ||    10
         Short sword       |     2 |       ||     2
         Rapier            |       |     6 ||     6
   Cast: Magic Dart        |   108 |   119 ||   227
         Necrotise         |     6 |     2 ||     8
    Use: Scroll            |       |     9 ||     9
 Armour: Robe              |     8 |     3 ||    11
  Dodge: Dodged            |    24 |    16 ||    40

Table legend: (Time is in decaauts)
 A = Elapsed time spent in this place.
 B = Non-inter-level travel time spent in this place.
 C = Inter-level travel time spent in this place.
 D = Time resting spent in this place.
 E = Time spent auto-exploring this place.
 F = Levels seen in this place.
 G = Mean time per level.
                   A        B        C        D        E       F      G
               +--------+--------+--------+--------+--------+-----+--------+
         Total |   5524 |   5381 |    143 |    151 |   4712 |   5 | 1104.8 |
       Dungeon |   5524 |   5381 |    143 |    151 |   4712 |   5 | 1104.8 |
               +--------+--------+--------+--------+--------+-----+--------+

Top non-repeatable levels by time:
     D:1: 1586 daAuts
     D:2: 1292 daAuts
     D:3: 1168 daAuts
     D:4: 797 daAuts
     D:5: 679 daAuts
